 Dungeon Crawl Stone Soup version 0.27-a0-1186-g8b4daa1eef (webtiles) character file.

Game seed: 8258789781140355984

58 spiderkeys the Digger (level 4, 0/25 HPs)
             Began as a Gargoyle Earth Elementalist on May 19, 2021.
             Frozen to death by an endoplasm (5 damage)
             ... on level 4 of the Dungeon.
             The game lasted 00:04:20 (2227 turns).

spiderkeys the Digger (Gargoyle Earth Elementalist) Turns: 2227, Time: 00:04:21

Health: 0/25       AC:  7    Str:  9 (11) XL:     4   Next: 1%
Magic:  7/7        EV: 11    Int: 16 (17) God:
Gold:   33         SH:  0    Dex:  7 (10) Spells: 7/8 levels left

rFire    . . .     SeeInvis .   e - +0 club
rCold    . . .     Faith    .   (no shield)
rNeg     + . .     Spirit   .   i - +0 leather armour
rPois    ∞         Reflect  .   a - +0 helmet
rElec    +         Harm     .   (no cloak)
rCorr    .         Rampage  .   (no gloves)
Will     .....                  (no boots)
Stlth    +.........             (no amulet)
HPRegen  0.08/turn              (no ring)
MPRegen  0.10/turn              (no ring)

@: no status effects
A: sickness immunity, AC +3, negative energy resistance 1, electricity
resistance, torment resistance 1, petrification resistance
a: no special abilities


You were on level 4 of the Dungeon.
You visited 1 branch of the dungeon, and saw 3 of its levels.

You collected 33 gold pieces.


Innate Abilities, Weirdness & Mutations

You are immune to sickness and miasma.
Your stone body is resilient. (AC +3)
You are immune to poison.
You resist negative energy. (rN+)
You are resistant to electric shocks. (rElec)
You are resistant to unholy torment.
You are immune to petrification.


   Skills:
 + Level 1.3 Fighting
 + Level 1.3 Armour
 - Level 1.5 Dodging
 - Level 2.1 Stealth
 + Level 2.5 Spellcasting
 + Level 1.4 Transmutations
 + Level 4.1 Earth Magic


You had 7 spell levels left.
You knew the following spells:

 Your Spells              Type           Power      Damage    Failure   Level
z - Sandblast             Erth           30%        2d9       4%          1

Your spell library contained the following spells:

 Spells                   Type           Power      Damage    Failure   Level
 Passwall                 Tmut/Erth      8%         N/A       13%         2
 Stone Arrow              Conj/Erth      16%        3d8       34%         3
 Petrify                  Tmut/Erth      10%        N/A       65%         4
 Lee's Rapid Deconstruct  Erth           7%         3d8*      80%         5

Inventory:

Hand Weapons
 e - a +0 club (weapon)
   (You took it off a goblin on level 1 of the Dungeon)
Missiles
 b - 25 stones
 g - 14 arrows
Armour
 a - a +0 helmet (worn)
   (You found it on level 1 of the Dungeon)
 i - a +0 leather armour (worn)
   (You found it on level 1 of the Dungeon)
Potions
 c - 2 potions of berserk rage {!q}
 j - a potion of curing {@q1}

Dungeon Overview and Level Annotations

Branches:
Dungeon (2/15)             Temple (0/1) D:4

Altars:

Annotations:
D:4 Grinder

,,,,,,,,*,,,,,,,,,,,**,,**,*,**
,,,**,**#.#***#J,,****,,,,****
,,**,,.#...####...,* **,,,*
,***##......?#...#** **,** **
*...........##*### *** **
*#...........#...#
.#####..##....##.#...#
,...#...#.....rK....#*
**#..>......gKgg@...#
####...........J...##
.............g....##
.##.........5....##
...........####...#
.................##
........##....####
#.......##.....#
####...###.....#****


You could see Grinder, 4 gnolls, 2 endoplasms, a quokka and 2 kobolds.


Message History

You kill the endoplasm!
You have reached level 4!
You feel clever. 😮 HP[+4] MP[-1]
You now have 25 max hp (+5).
You regained 4 hp, and now have 17/25 hp.
You see here a bat corpse.
b - 25 stones (gained 6)
j - 2 white potions (gained 1)
You fall into a shaft and drop 2 floors!
The shaft crumbles and collapses. 😎 HP[+8] MP[+4]
Your hp is fully restored (25).
Your mp is fully restored (7).
A gnoll comes into view. It is wielding a +0 flail.
The gnoll shouts!
You hear a shout!
A gnoll comes into view. It is wielding a +0 club.
Really read
d - a scroll of magic mapping {!r}?
As you read the scroll of magic mapping {!r}, it crumbles to dust.
You feel aware of your surroundings.
You sensed 1 altar.
A kobold comes into view. It is wielding a +0 dagger.
The kobold shouts!
You hear a shout!
The kobold throws a stone.
The stone hits you but does no damage.
The kobold throws a stone.
The stone hits you but does no damage.
The gnoll hits you with a +0 club. 😕 HP[-5]
You take 5 damage, and now have 20/25 hp.
You completely miss the kobold. The gnoll hits you with a +0 club.
A gnoll comes into view. It is wielding a +0 spear.
The gnoll hits you but does no damage. The kobold completely misses you.
The gnoll barely misses you. 😮 HP[-3]
You take 3 damage, and now have 17/25 hp.
A gnoll comes into view. It is wielding a +0 flail.
The kobold hits you but does no damage. The kobold hits you with a +0 dagger.
Found a stone staircase leading down. 😮 HP[-1]
You take 1 damage, and now have 16/25 hp.
The gnoll shouts!
The kobold throws a stone.
The stone hits you but does no damage.
A kobold comes into view. It is wielding a +0 short sword.
The kobold shouts!
You hear a shout!
The kobold throws a stone.
The stone hits you but does no damage.
An endoplasm comes into view.
The kobold throws a stone.
The stone hits you but does no damage.
The kobold throws a stone.
The stone hits you but does no damage.
A quokka comes into view.
The kobold throws a stone.
The stone hits you but does no damage.
An iguana comes into view.
The kobold throws a stone.
The stone hits you but does no damage.
Grinder comes into view.
The iguana moves out of view.
Found a stone staircase leading up.
The quokka bites you but does no damage.
The kobold throws a stone.
The stone closely misses you. The quokka closely misses you.
The kobold throws a stone.
The stone closely misses you. 😮 HP[+1] Grinder gestures at you.
You suddenly lose the ability to move!
The quokka bites you but does no damage.
Grinder gestures at you. You resist with significant effort.
The quokka completely misses you. The quokka bites you.
The quokka bites you but does no damage.
The gnoll hits you with a +0 flail.
* * * LOW HITPOINT WARNING * * *
The kobold hits you but does no damage.
The quokka bites you but does no damage.
You can move again. 😨 HP[-5]
You take 5 damage, and now have 12/25 hp.
The gnoll hits you with a +0 flail.
* * * LOW HITPOINT WARNING * * *
😨 HP[-4]
You take 4 damage, and now have 8/25 hp.
The gnoll hits you with a +0 flail.
* * * LOW HITPOINT WARNING * * *
😱 HP[-6]
You take 6 damage, and now have 2/25 hp.
MASSIVE DAMAGE!! (PAUSE) It was a potion of curing.
You feel better. The quokka barely misses you.
The gnoll hits you with a +0 flail.
* * * LOW HITPOINT WARNING * * *
The gnoll hits you but does no damage. The quokka closely misses you.
The gnoll barely misses you. 😱 HP[+3]
You regained 3 hp, and now have 5/25 hp.
It was a potion of degeneration.
There was something very wrong with that liquid.
You feel weakened.
You feel dopey.
You feel clumsy. The gnoll closely misses you. The quokka barely misses you.
The gnoll completely misses you. x2
Grinder blinks!
An endoplasm comes into view.
The endoplasm quivers.
The endoplasm freezes you.
You are frozen.
You die...

Skill      XL: |  1  2  3 |
---------------+----------+-----
Transmutations | 1 |  1.4
Fighting       | 1 |  1.3
Armour         | 1 |  1.3
Earth Magic    | 4 |  4.1
Dodging        | |  1.5
Stealth        | |  2.1
Spellcasting   | |  2.5

Action                   |  1- 3 |  4- 6 || total
-------------------------+-------+-------++-------
Melee: Club              |    85 |     1 ||    86
       Unarmed           |     2 |       ||     2
 Cast: Sandblast         |    30 |       ||    30
  Use: Scroll            |     2 |     1 ||     3
       Potion            |       |     2 ||     2
 Stab: Sleeping          |     4 |       ||     4
Armor: Robe              |    10 |       ||    10
       Leather armour    |    42 |    16 ||    58
Dodge: Dodged            |    89 |    13 ||   102

Levels and vault maps discovered:
D:1:      matt_arrival_diagonals, layout_loops_ring,
          hellmonk_ecumenical_altar_prayer_group
D:2:      cheibrodos_helix_gallery, layout_rooms, minmay_misc_feat_rugged
D:4:      layout_cave_pools, nicolae_overflow_hidden_temple,
          minmay_temple_entry_grid, minmay_misc_feat_columns,
          nicolae_underground_beach, uniq_grinder, uniq_sigmund,
          uniq_blork_the_orc, uniq_eustachio

Notes
Turn   | Place    | Note
-------+----------+-------------------------------------------
     0 | D:1      | spiderkeys the Gargoyle Earth Elementalist began the quest
                  | for the Orb.
     0 | D:1      | Reached XP level 1. HP: 10/10 MP: 3/3
     0 | D:1      | magus.rc [v1.9.10]
   138 | D:1      | HP: 2/10 [quokka (2)]
   452 | D:1      | Reached skill level 1 in Transmutations
   452 | D:1      | Reached XP level 2. HP: 16/16 MP: 3/5
   867 | D:1      | Reached skill level 1 in Fighting
   867 | D:1      | Reached skill level 1 in Armour
   960 | D:1      | Reached XP level 3. HP: 20/20 MP: 6/6
  1077 | D:1      | Found a faded altar of an unknown god.
  1287 | D:1      | Reached skill level 4 in Earth Magic
  2059 | D:2      | Reached XP level 4. HP: 17/25 MP: 3/7
  2195 | D:2      | You fall into a shaft and drop 2 floors!
  2213 | D:4      | Noticed Grinder
  2217 | D:4      | Paralysed by Grinder for 5 turns
  2223 | D:4      | HP: 2/25 [gnoll/+0 flail (6)]
  2227 | D:4      | Frozen to death by an endoplasm

Vanquished Creatures
  An adder (D:1)
  A worm (D:2)
  2 dart slugs
  2 ball pythons
  2 bats
  4 endoplasms
  4 goblins
  2 hobgoblins
  4 jackals (D:1)
  5 quokkas
  2 frilled lizards (D:1)
  3 kobolds (D:1)
  7 rats (D:1)
39 creatures vanquished.

Table legend:
 A = Non-vault XP
 B = Vault XP
 C = Vault XP percentage of total XP
 D = Non-vault monster count
 E = Vault monster count
 F = Vault count percentage of total count
                 A         B        C        D         E       F
            +---------+---------+-------+---------+---------+-------
      Total |      71 |      12 |  14.5 |      34 |       5 |  12.8
            +---------+---------+-------+---------+---------+-------
        D:1 |      56 |       5 |   8.2 |      27 |       3 |  10.0
        D:2 |      15 |       7 |  31.8 |       7 |       2 |  22.2
            +---------+---------+-------+---------+---------+-------

Illustrated notes

Table legend:
 A = Kills in this place as a percentage of kills in entire the game.
 B = Kills by you in this place as a percentage of kills by you in the entire game.
 C = Kills by friends in this place as a percentage of kills by friends in the entire game.
 D = Other kills in this place as a percentage of other kills in the entire game.
 E = Experience gained in this place as a percentage of experience gained in the entire game.
 F = Experience gained in this place divided by the number of levels of this place that you have seen.
                   A       B       C       D       E      F
               +-------+-------+-------+-------+-------+----------------------
         Total | 100.0 | 100.0 |   N/A |   N/A | 100.0 |  27.7
       Dungeon | 100.0 | 100.0 |   N/A |   N/A | 100.0 |  27.7
               +-------+-------+-------+-------+-------+----------------------

Table legend: (Time is in decaauts)
 A = Elapsed time spent in this place.
 B = Non-inter-level travel time spent in this place.
 C = Inter-level travel time spent in this place.
 D = Time resting spent in this place.
 E = Time spent auto-exploring this place.
 F = Levels seen in this place.
 G = Mean time per level.
                   A        B        C        D        E       F      G
               +--------+--------+--------+--------+--------+-----+--------+
         Total |   2252 |   2221 |     31 |    160 |   1671 |   3 |  750.7 |
       Dungeon |   2252 |   2221 |     31 |    160 |   1671 |   3 |  750.7 |
               +--------+--------+--------+--------+--------+-----+--------+

Top non-repeatable levels by time:
     D:1: 1736 daAuts
     D:2: 484 daAuts
     D:4: 32 daAuts
